 Dungeon Crawl Stone Soup version 0.23.0-3-gf3c87f2 (console) character file.

Game seed: 1248481969228618412

429 fly the Grave Robber (level 6, -1/41 HPs)
             Began as a Demonspawn Necromancer on Feb 21, 2019.
             Killed by divine providence
             ... invoked by an orc priest
              (14 damage)
             ... on level 4 of the Dungeon.
             The game lasted 00:08:04 (4841 turns).

fly the Grave Robber (Demonspawn Necromancer)       Turns: 4841, Time: 00:08:05

Health: -1/41      AC:  5    Str: 10    XL:     6   Next: 66%
Magic:  12/12      EV: 13    Int: 17    God:
Gold:   178        SH:  0    Dex: 13    Spells: 6/13 levels left

rFire    . . .     SeeInvis .   (no weapon)
rCold    . . .     Gourm    .   (no shield)
rNeg     . . .     Faith    .   y - +0 robe
rPois    .         Spirit   .   e - +0 helmet
rElec    .         Reflect  .   (no cloak)
rCorr    .         Harm     .   r - +1 pair of gloves
MR       +....                  (no boots)
Stlth    ++........             (no amulet)
HPRegen  0.13/turn              h - ring of protection from magic
MPRegen  0.13/turn              (no ring)

@: no status effects
A: rot immunity
a: no special abilities


You were on level 4 of the Dungeon.
You were not hungry.

You visited 1 branch of the dungeon, and saw 4 of its levels.

You collected 178 gold pieces.

Inventory:

Armour
 e - a +0 helmet (worn)
 n - the +5 scale mail of the Queen {Int+5 Slay+3, unknown}
   (You found it on level 4 of the Dungeon)

   It affects your intelligence (+5).
   It affects your accuracy and damage with ranged weapons and melee attacks
   (+3).
 r - a +1 pair of gloves (worn)
 y - a +0 robe (worn)
Jewellery
 h - a ring of protection from magic (left hand)
Scrolls
 a - 5 scrolls of identify
 d - a scroll of immolation {unknown}
 j - 3 scrolls of remove curse
Potions
 b - a potion of mutation
 f - a potion of berserk rage {unknown}
 g - a potion of cancellation {unknown}
 i - 2 potions of curing {unknown}
 k - 2 potions of lignification {unknown}
 l - a potion of ambrosia {unknown}
Comestibles
 c - 8 rations


   Skills:
 - Level 3.0 Dodging
 - Level 1.7 Stealth
 - Level 4.0 Spellcasting
 + Level 7.1 Necromancy


You had 6 spell levels left.
You knew the following spells:

 Your Spells              Type           Power        Failure   Level  Hunger
r - Regeneration          Chrm/Necr      ###.......   11%         3    ###....
v - Vampiric Draining     Necr           ####......   2%          3    ###....
z - Pain                  Necr           ####         1%          1    None

Your spell library contained the following spells:

 Spells                   Type           Power        Failure   Level  Hunger
 Animate Skeleton         Necr           N/A          1%          1    None
 Animate Dead             Necr           N/A          9%          4    ####...


Dungeon Overview and Level Annotations

Branches:
Dungeon (4/15)
 Temple: D:4-7

Altars:
Gozag
Hepliaklqana
Qazlal

Annotations:
D:4 Grinder, Menkaure


Innate Abilities, Weirdness & Mutations

You are immune to rotting.


Message History

The puff of flame hits you!
* * * LOW HITPOINT WARNING * * *
The orc wizard casts a spell at you. The puff of frost hits you.
* * * LOW HITPOINT WARNING * * *
You feel much better. The orc wizard closely misses you.
The orc wizard barely misses you.
The orc wizard points at you and mumbles some strange words.
The puff of frost misses you.
The orc wizard points at you and mumbles some strange words.
The puff of frost misses you.
The orc wizard hits you with a +0 dagger.
The orc wizard closely misses you.
The orc wizard looks satisfied for a moment.
The orc wizard gestures at you while chanting.
The puff of frost hits you!
The orc priest invokes the aid of Beogh against you.
Beogh smites you!
You die...

#............# #####..#
............# ##o#
............# #.##.#
...........# #o##.# ..#
#.<...# #.##.# #.####.....#
########o##.## #M#..'.....#
..............
#.#(##....###########..#.##
#.#.##....@o..o.o.o....#.#
#.#.##.....###########.#.##
#.#.##.....# #.........
#.#.##.....# #.#.....##
#.#<##.....# #.......
#.####.....## #.....##
#...........# #.....#
#######>....# #....>#
#.###.# #####.....#


You could see an orc priest, an orc wizard and an orc.

Vanquished Creatures
  An ogre (D:4)
  3 orc wizards
  Jessica (D:3)
  An iguana (D:4)
  A worker ant (D:4)
  4 gnolls (D:4)
  6 adders
  2 worms (D:2)
  3 leopard geckos
  10 orcs
  2 ball pythons (D:3)
  4 bats
  3 giant cockroaches
  12 goblins
  10 hobgoblins
  4 jackals
  2 quokkas (D:2)
  4 frilled lizards
  A jackal skeleton (D:4)
  6 kobolds
  A leopard gecko skeleton (D:4)
  3 rats
84 creatures vanquished.

Notes
Turn   | Place    | Note
-------+----------+-------------------------------------------
     0 | D:1      | fly the Demonspawn Necromancer began the quest for the Orb.
     0 | D:1      | Reached XP level 1. HP: 13/13 MP: 3/3
   300 | D:1      | Gained mutation: You are immune to rotting. [demonic
                  | ancestry]
   300 | D:1      | Reached XP level 2. HP: 17/19 MP: 1/5
  1376 | D:2      | Reached XP level 3. HP: 13/24 MP: 0/7
  1751 | D:2      | Found a faded altar of an unknown god.
  2068 | D:2      | Reached XP level 4. HP: 27/30 MP: 4/8
  2513 | D:2      | Reached skill level 5 in Necromancy
  2589 | D:2      | Found an opulent altar of Gozag.
  2589 | D:2      | Found a hazy altar of Hepliaklqana.
  2925 | D:3      | Found a stormy altar of Qazlal.
  2974 | D:3      | Noticed Jessica
  2985 | D:3      | Killed Jessica
  3238 | D:3      | Reached XP level 5. HP: 33/35 MP: 7/10
  3792 | D:3      | Learned a level 3 spell: Regeneration
  3796 | D:3      | Learned a level 3 spell: Vampiric Draining
  3843 | D:4      | Noticed Menkaure
  3926 | D:4      | Got a warped scale mail
  4085 | D:4      | Noticed an ogre
  4098 | D:4      | Killed an ogre
  4098 | D:4      | Reached skill level 6 in Necromancy
  4098 | D:4      | Reached XP level 6. HP: 34/41 MP: 4/12
  4403 | D:4      | Noticed Grinder
  4434 | D:4      | Reached skill level 7 in Necromancy
  4821 | D:4      | HP: 1/41 [orc wizard/puff of frost (5)]
  4841 | D:4      | Killed from afar by an orc priest

Skill      XL: |  1  2  3  4  5  6 |
---------------+-------------------+-----
Dodging        | 2 3 |  3.0
Spellcasting   | 3 4 |  4.0
Necromancy     | 5 6 7 |  7.1
Stealth        | |  1.7

Action                   |  1- 3 |  4- 6 || total
-------------------------+-------+-------++-------
Melee: Unarmed           |    12 |    23 ||    35
 Cast: Pain              |    62 |   135 ||   197
  Use: Scroll            |     3 |       ||     3
       Potion            |     1 |     1 ||     2
  Eat: Chunk             |     2 |    10 ||    12
Armor: Robe              |    30 |    12 ||    42
Dodge: Dodged            |    75 |    42 ||   117
